 Dungeon Crawl Stone Soup version 0.29.1-1-gd02db6906a (webtiles) character file.

Game seed: 9510265532520388213

15954 Icepheonix32 the Fighter (level 12, -37/112 HPs)
             Began as a Minotaur Fighter on Oct 5, 2022.
             Annihilated by an enormous slime creature (58 damage)
             ... on level 11 of the Dungeon.
             The game lasted 00:22:10 (13677 turns).

Icepheonix32 the Fighter (Minotaur Fighter)        Turns: 13677, Time: 00:22:10

Health: -37/112    AC: 17    Str: 21    XL:     12   Next: 5%
Magic:  11/11      EV: 35    Int:  5    God:
Gold:   965        SH:  0    Dex: 21    Spells: 11/11 levels left

rFire   + + .      SeeInvis .   i - +3 Elemental Staff {rElec rF++ rC++ AC+5}
rCold   + + .      Faith    .   (no shield)
rNeg    . . .      Spirit   .   b - +1 scale mail
rPois   +          Reflect  .   (helmet restricted)
rElec   +          Harm     .   t - +1 cloak of Starlight {*Dazzle EV+4 Stlth--}
rCorr   .          Rampage  .   (no gloves)
Will    .....                   (no boots)
Stlth   ..........              n - amulet of the acrobat
HPRegen 0.28/turn               h - ring of poison resistance
MPRegen 0.12/turn               y - +6 ring of dexterity

@: about to teleport, acrobatic
A: horns 2, retaliatory headbutt
a: no special abilities


You were on level 11 of the Dungeon.
You visited 2 branches of the dungeon, and saw 13 of its levels.

You collected 1139 gold pieces.
You spent 174 gold pieces at shops.

Inventory:

Hand Weapons
 i - the +3 Elemental Staff (weapon) {rElec rF++ rC++ AC+5}
   (You took it off a deep elf pyromancer on level 11 of the Dungeon)

   If the wielder is skilled in Evocations, they can discharge powerful blasts
   of elemental energy when striking with it.
   It enhances your fire, ice, earth and air magic.
   AC:        It affects your AC (+5).
   rF:        It greatly protects you from fire.
   rC:        It greatly protects you from cold.
   rElec:     It insulates you from electricity.
 A - a +2 vampiric spear
 G - a +5 battleaxe
Missiles
 v - 2 curare-tipped darts
 C - a throwing net (quivered)
 I - 6 boomerangs
Armour
 b - a +1 scale mail (worn)
 c - a +0 buckler
 f - a +1 troll leather armour {Snorg}
 o - a +1 chain mail of fire resistance
 t - the +1 cloak of Starlight (worn) {*Dazzle EV+4 Stlth--}
   (You found it on level 6 of the Dungeon)

   It may blind those who miss an attack against the wearer in melee combat.
   EV:        It affects your evasion (+4).
   Stlth:     It makes you much less stealthy.
 z - an orb of guile
Jewellery
 g - a +6 ring of intelligence
 h - a ring of poison resistance (left hand)
 n - an amulet of the acrobat (around neck)
 y - a +6 ring of dexterity (right hand)
 B - a ring of fire
Wands
 q - a wand of flame (16)
 r - a wand of iceblast (9)
Scrolls
 d - a scroll of fear
 k - 2 scrolls of enchant weapon
 l - 4 scrolls of poison
 m - 2 scrolls of fog
 s - 10 scrolls of identify
 w - a scroll of torment
 E - 2 scrolls of vulnerability
 F - a scroll of magic mapping
 L - a scroll of amnesia
Potions
 e - 2 potions of curing
 p - 4 potions of mutation
 u - 3 potions of flight
 D - 2 potions of attraction
 H - a potion of resistance
 J - a potion of brilliance
Miscellaneous
 M - a phantom mirror


   Skills:
 + Level 11.9 Fighting
 - Level 10.7(11.7) Axes
 + Level 6.5(10.1) Maces & Flails
 + Level 3.4(8.4) Polearms
 * Level 5.2(7.2) Staves
 + Level 0.3 Throwing
 - Level 10.3 Armour
 * Level 8.6 Dodging
 - Level 4.1 Stealth
 - Level 5.2 Shields
 * Level 2.3 Evocations


You had 11 spell levels left.
You didn't know any spells.
Your spell library contained the following spells:

 Spells                   Type           Power      Damage    Failure   Level
 Apportation              Tloc           0%         N/A       77%         1
 Dazzling Flash           Conj/Hex       0%         N/A       98%         3
 Ozocubu's Armour         Ice            0%         N/A       98%         3
 Stone Arrow              Conj/Erth      0%         3d7       98%         3
 Animate Armour           Summ/Erth      0%         N/A       100%        4
 Iskenderun's Mystic Bla  Conj/Tloc      0%         2d3       100%        4
 Alistair's Intoxication  Tmut/Pois      0%         N/A       100%        5
 Metabolic Englaciation   Hex/Ice        0%         N/A       100%        5
 Simulacrum               Ice/Necr       0%         N/A       100%        6
 Starburst                Conj/Fire      0%         6d3       100%        6
 Lehudib's Crystal Spear  Conj/Erth      0%         10d2      100%        8


Dungeon Overview and Level Annotations

Branches:
Dungeon (12/15)            Temple (1/1) D:5            Lair (0/5) D:10
    Orc (0/2) D:11

Altars:
Ashenzari
Cheibriados
Dithmenos
Elyvilon
Fedhas
Gozag
Hepliaklqana
Kikubaaqudgha
Makhleb
Nemelex Xobeh
Okawaru
Qazlal
Ru
Sif Muna
Trog
Uskayaw
Vehumet
Wu Jian
Xom
Yredelemnul
Zin
The Shining One

Shops:
D:6 (   D:10 [

Annotations:
D:9 2 transporters


Innate Abilities, Weirdness & Mutations

You have a pair of horns on your head.
You reflexively headbutt those who attack you in melee.


Message History

The slime creature hits you but does no damage.
The slime creature completely misses you.
The slime creature attacks as you move away!
The slime creature completely misses you.
You furiously retaliate!
You headbutt the slime creature.
The slime creature attacks as you move away!
The slime creature barely misses you. You furiously retaliate!
You headbutt the slime creature.
The slime creature attacks as you move away!
The slime creature completely misses you.
Two slime creatures merge to form a large slime creature.
The slime creature attacks as you move away!
The slime creature completely misses you.
The slime creature misses you. You furiously retaliate!
You headbutt the slime creature!
You hit the slime creature but do no damage.
You headbutt the slime creature, but do no damage.
The slime creature is heavily wounded.
The slime creature closely misses you.
The slime creature completely misses you.
You hit the slime creature.
The slime creature is severely wounded.
The slime creature hits you but does no damage.
A large slime creature splits.
The slime creature hits you but does no damage.
Okay, then.
You hit the slime creature. You headbutt the slime creature!
The slime creature is moderately wounded.
The slime creature barely misses you.
Two slime creatures merge to form a large slime creature.
Two slime creatures merge to form an enormous slime creature.
The enormous slime creature attacks as you move away!
The enormous slime creature completely misses you.
As you read the scroll of teleportation, it crumbles to dust.
You feel strangely unstable. The enormous slime creature hits you!!
* * * LOW HITPOINT WARNING * * *
The enormous slime creature attacks as you move away!
The enormous slime creature hits you!!!
Ouch! That really hurt!
You die...

.......# #.###.####.#.....#
...##.## #.....#..........######
...##.#####....................#
#####...†............#....####.#
#######.########.......# #.#
#.###.#........#.###)###.#
#.....#.#..........#.....#
#.#####.###.#......#.##### #.#
#.#.@....#...#.# #.#
#.#J#....###.######## #.#
#.#.#...>............ #.#
#.#.#...[....######## #.#
#.#.........##### #.###
#.########......# #...# #.#
######.# #########.###.# #.#
..............# #.#


You could see an enormous slime creature.

Vanquished Creatures
  Snorg (D:11)
  2 two-headed ogres
  Nergalle (D:11)
  A deep elf pyromancer (D:11)
  A cyclops (D:11)
  Joseph (D:8)
  A gargoyle (D:11)
  Psyche (D:8)
  2 unseen horrors
  A kobold demonologist (D:12)
  A tengu conjurer (D:11)
  3 trolls
  2 hornets (D:9)
  A raiju (D:11)
  A wraith (D:12)
  3 wyverns
  4 shadows
  A vampire (D:8)
  17 yaks
  3 fire elementals (D:11)
  3 steam dragons (D:11)
  2 vampire mosquitoes (D:7)
  Edmund (D:4)
  An acid dragon (D:12)
  A water moccasin (D:5)
  Duvessa (D:7)
  A black bear (D:5)
  2 sky beasts (D:8)
  4 ice beasts
  An orc warrior (D:11)
  2 ogres
  10 centaurs
  2 phantoms (D:6)
  4 kobold brigands
  3 bullfrogs (D:8)
  A gnoll sergeant (D:9)
  7 scorpions
  4 wights (D:8)
  Dowan (D:7)
  4 killer bees (D:10)
  6 howler monkeys
  4 hounds
  4 orc priests
  2 jellies
  Jessica (D:2)
  3 iguanas
  Natasha (thrice) (D:2)
  11 orc wizards
  13 adders
  4 gnolls (D:9)
  A shadow imp (D:7)
  A white imp (D:8)
  3 worms
  3 dart slugs
  41 orcs
  8 ball pythons
  9 endoplasms
  A giant cockroach (D:1)
  4 goblins
  3 hobgoblins
  4 jackals (D:2)
  5 quokkas
  7 bats
  A frilled lizard (D:1)
  25 kobolds
  4 rats
274 creatures vanquished.

Vanquished Creatures (others)
  An orc wizard (D:8)
1 creature vanquished.

Grand Total: 275 creatures vanquished

Notes
Turn   | Place    | Note
-------+----------+-------------------------------------------
     0 | D:1      | Icepheonix32 the Minotaur Fighter began the quest for the
                  | Orb.
     0 | D:1      | Reached XP level 1. HP: 19/19 MP: 0/0
   645 | D:1      | Reached XP level 2. HP: 22/27 MP: 1/1
   647 | D:1      | Reached skill level 4 in Fighting
   705 | D:1      | Found a faded altar of an unknown god.
   991 | D:2      | Reached XP level 3. HP: 33/33 MP: 2/2
  1041 | D:2      | Noticed Natasha
  1046 | D:2      | Killed Natasha
  1299 | D:2      | Reached XP level 4. HP: 41/41 MP: 3/3
  1311 | D:2      | Noticed Jessica
  1325 | D:2      | Killed Jessica
  1349 | D:2      | Noticed Natasha
  1356 | D:2      | Killed Natasha
  1436 | D:2      | Noticed Natasha
  1440 | D:2      | Killed Natasha
  1441 | D:2      | Reached XP level 5. HP: 47/47 MP: 4/4
  2046 | D:3      | Reached skill level 5 in Fighting
  2168 | D:3      | Reached skill level 5 in Axes
  2604 | D:3      | Identified a scroll of acquirement
  2604 | D:3      | Acquired 481 gold pieces
  2658 | D:4      | Reached skill level 1 in Dodging
  2658 | D:4      | Reached XP level 6. HP: 52/56 MP: 5/5
  2854 | D:4      | Reached skill level 5 in Armour
  2864 | D:4      | Noticed Edmund
  2874 | D:4      | Reached XP level 7. HP: 24/62 MP: 6/6
  2887 | D:4      | HP: 1/56 [Edmund/+0 flail of draining (2)]
  2891 | D:4      | Killed Edmund
  2892 | D:4      | Reached skill level 6 in Fighting
  2895 | D:4      | HP: 1/63 [orc/+0 short sword (2)]
  3654 | D:4      | Found a shimmering blue altar of Sif Muna.
  3786 | D:5      | Entered Level 5 of the Dungeon
  3815 | D:5      | Reached skill level 1 in Maces & Flails
  3890 | D:5      | Reached XP level 8. HP: 70/71 MP: 7/7
  4009 | D:5      | You fall into a shaft and drop 2 floors!
  4157 | D:6      | Found the +1 cloak of Starlight {*Dazzle EV+4 Stlth--}
  4476 | D:5      | Reached skill level 7 in Fighting
  4514 | D:5      | Found a staircase to the Ecumenical Temple.
  4525 | Temple   | Entered the Ecumenical Temple
  5161 | D:6      | Reached skill level 5 in Shields
  5318 | D:6      | Reached skill level 1 in Stealth
  5334 | D:6      | Reached skill level 1 in Polearms
  5334 | D:6      | Reached XP level 9. HP: 15/80 MP: 8/8
  5658 | D:6      | Reached skill level 8 in Fighting
  5677 | D:6      | Found Looqa's Weapon Emporium.
  5681 | D:6      | Bought a +2 mace of draining for 174 gold pieces
  6460 | D:7      | Noticed Dowan
  6461 | D:7      | Noticed Duvessa
  6491 | D:7      | Killed Duvessa
  6492 | D:7      | Reached skill level 5 in Maces & Flails
  6508 | D:7      | Killed Dowan
  6644 | D:7      | Reached skill level 5 in Dodging
  6956 | D:8      | Reached skill level 9 in Fighting
  7038 | D:8      | Noticed Joseph
  7052 | D:8      | Killed Joseph
  7057 | D:8      | Reached XP level 10. HP: 62/91 MP: 9/9
  7584 | D:8      | Noticed a two-headed ogre
  7607 | D:8      | Killed a two-headed ogre
  7830 | D:8      | Found a broken altar of Ashenzari.
  8344 | D:8      | Noticed Psyche
  8352 | D:8      | Killed Psyche
  8353 | D:8      | Reached skill level 10 in Fighting
  8563 | D:9      | Found a transporter.
  8586 | D:9      | Found a transporter.
  8589 | D:9      | Found a transporter.
  9673 | D:9      | Found a transporter.
  9805 | D:10     | Entered Level 10 of the Dungeon
  9811 | D:10     | Found a staircase to the Lair.
  9954 | D:10     | Reached XP level 11. HP: 100/101 MP: 10/10
 10595 | D:10     | Found Vevvuts's Antique Armour Emporium.
 10875 | D:11     | Reached skill level 10 in Axes
 11008 | D:11     | Reached skill level 11 in Fighting
 11037 | D:11     | Reached skill level 10 in Armour
 11039 | D:11     | Noticed Snorg
 11054 | D:11     | Killed Snorg
 11339 | D:11     | Noticed a deep elf pyromancer
 11348 | D:11     | Killed a deep elf pyromancer
 11502 | D:11     | Reached skill level 1 in Staves
 11535 | D:11     | Reached skill level 1 in Evocations
 11983 | D:11     | Found a staircase to the Orcish Mines.
 12577 | D:12     | Noticed a two-headed ogre
 12587 | D:12     | Killed a two-headed ogre
 12749 | D:12     | Noticed a sixfirhy
 13063 | D:12     | Noticed Nergalle
 13071 | D:12     | Noticed a spectral orc warlord
 13071 | D:12     | Noticed a spectral orc warlord
 13074 | D:12     | Noticed a spectral orc warlord
 13299 | D:12     | Reached XP level 12. HP: 83/112 MP: 11/11
 13570 | D:11     | Killed Nergalle
 13571 | D:11     | Reached skill level 5 in Staves
 13677 | D:11     | Annihilated by an enormous slime creature

Illustrated notes

Levels and vault maps discovered:
D:1:      psy_arrival_conway, layout_basic,
          shapermc_ecumenical_altar_starsandcircs
D:2:      layout_basic, nicolae_hexahallways, uniq_natasha, uniq_jessica
D:3:      layout_rooms
D:4:      layout_cave_pods, led_sif_pool, serial_glass, glass_columns_b,
          glass_columns_b, minmay_strange_pillars, grunt_decor_mini_mirrors,
          uniq_edmund
D:5:      layout_rooms, minmay_temple_entry_antechambers
D:6:      layout_loops_ring, serial_shops, kennysheep_mini
D:7:      layout_cave_pods, uniq_duvessa
D:8:      layout_basic, cheibrodos_ashenzari_chains, lemuel_flamethrower_1,
          uniq_joseph, uniq_psyche
D:9:      layout_loops_ring, minmay_misc_feat_room, nicolae_diode_intersection
D:10:     layout_irregular_city, dpeg_oklobed_lair, serial_shops, shop
D:11:     layout_basic, orc_0_dummy, dilly_guarded_unrand_elemental_staff,
          uniq_snorg
D:12:     layout_stronghold, lightli_wizard_tower, uniq_nergalle
Temple:   mainiacjoe_temple_big_plus

Skill      XL: |  1  2  3  4  5  6  7  8  9 10 11 12 |
---------------+-------------------------------------+-----
Fighting       | 4 5 6 7 9 10 11 | 11.9
Shields        | 4 5 |  5.2
Armour         | 4 5 6 7 9 10 | 10.3
Axes           | 3 4 5 6 7 9 10 | 10.7
Dodging        | 1 2 4 5 7 8 |  8.6
Maces & Flails | 1 4 5 6 |  6.5
Stealth        | 1 2 3 4 |  4.1
Polearms       | 1 3 |  3.4
Staves         | 4 5 |  5.2
Evocations     | 2 |  2.3
Throwing       | |  0.3

Action                   |  1- 3 |  4- 6 |  7- 9 | 10-12 || total
-------------------------+-------+-------+-------+-------++-------
Melee: War axe           |    61 |   134 |    32 |       ||   227
       Headbutt          |    10 |    13 |    56 |   114 ||   193
       Flail             |       |       |   100 |       ||   100
       Spear             |       |       |    57 |       ||    57
       Mace              |       |       |    91 |    36 ||   127
       Hand axe          |       |       |     8 |       ||     8
       Punch             |       |       |     1 |     5 ||     6
       Battleaxe         |       |       |       |   161 ||   161
       Staff             |       |       |       |   179 ||   179
Throw: Dart              |       |       |       |     4 ||     4
       Throwing net      |       |       |       |     1 ||     1
Evoke: Wand              |       |       |       |     2 ||     2
  Use: Scroll            |       |     6 |     6 |    10 ||    22
       Potion            |       |     4 |     4 |     5 ||    13
 Stab: Invisible         |       |       |     5 |    17 ||    22
Armor: Scale mail        |    39 |    80 |    96 |   137 ||   352
Dodge: Dodged            |    32 |    75 |   230 |   487 ||   824
Block: Buckler           |    16 |    20 |    40 |       ||    76
